 Dungeon Crawl Stone Soup version 0.22-a0-358-g7563fe7 (webtiles) character file.

2022 Amnesiac the Ducker (level 9, -1/68 HPs)
             Began as a Mummy Necromancer on Apr 18, 2018.
             Was a Follower of Kikubaaqudgha.
             Slain by a killer bee (6 damage)
             ... on level 7 of the Dungeon.
             The game lasted 00:10:49 (7107 turns).

Amnesiac the Ducker (Mummy Necromancer)             Turns: 7107, Time: 00:10:50

Health: -1/68      AC:  8    Str: 11    XL:     9   Next: 3%
Magic:  1/15       EV: 13    Int: 18    God:    Kikubaaqudgha [*.....]
Gold:   350        SH:  0    Dex: 12    Spells: 12/16 levels left

rFire    x x .     SeeInvis .   g - +1 hunting sling (freeze)
rCold    + + .     Gourm    .   (no shield)
rNeg     + + +     Faith    .   f - +0 ring mail
rPois    ∞         Spirit   .   h - +2 helmet
rElec    .         Reflect  .   (no cloak)
rCorr    .         Harm     .   (no gloves)
MR       +....                  (no boots)
Stlth    +.........             (no amulet)
HPRegen  0.21/turn              k - ring of ice
MPRegen  0.14/turn              (no ring)

@: very slightly contaminated
A: no food or potions, fire vulnerability, cold resistance 1, negative energy
resistance 3, torment resistance, unbreathing
a: Receive Corpses, Renounce Religion


You were on level 7 of the Dungeon.
You worshipped Kikubaaqudgha.
Kikubaaqudgha was aware of your devotion.
You were not hungry.

You visited 2 branches of the dungeon, and saw 8 of its levels.
You also visited: Ossuary.

You collected 350 gold pieces.

Inventory:

Hand Weapons
 c - a +0 short sword of venom
 g - a +1 hunting sling of freezing (weapon)
Missiles
 b - 22 sling bullets (quivered)
 e - 151 stones
Armour
 f - a +0 ring mail (worn)
 h - a +2 helmet (worn)
 l - a +0 shield
Jewellery
 k - a ring of ice (left hand)
 p - a cursed -2 ring of protection {unknown}
Wands
 r - a wand of polymorph (14)
Scrolls
 a - 3 scrolls of teleportation {!r}
 d - a scroll of fear {!r}
 i - 3 scrolls of blinking {!r}
 j - a scroll of magic mapping {!r}
 m - 4 scrolls of identify {!r}
 n - 2 scrolls of remove curse {!r}
 o - 5 scrolls of fog {!r}


   Skills:
 - Level 5.6 Fighting
 - Level 7.1 Dodging
 - Level 1.5 Stealth
 + Level 3.6 Shields
 - Level 4.0 Spellcasting
 - Level 5.0 Necromancy


You had 12 spell levels left.
You knew the following spells:

 Your Spells              Type           Power        Failure   Level  Hunger
a - Pain                  Necr           ###.         4%          1    N/A
d - Vampiric Draining     Necr           ###.......   14%         3    N/A

Dungeon Overview and Level Annotations

Branches:
Dungeon (7/15)             Temple (1/1) D:6

Altars:
Cheibriados
Elyvilon
Fedhas
Gozag
Kikubaaqudgha
Makhleb
Okawaru
Ru
Uskayaw
Vehumet
Wu Jian
Xom
Yredelemnul
Zin
The Shining One

Annotations:
D:5 Dowan, Duvessa


Innate Abilities, Weirdness & Mutations

You do not eat or drink.
Your flesh is vulnerable to fire.
You are immune to poison.
Your flesh is cold resistant. (rC+)
You are immune to negative energy. (rN+++)
You are immune to unholy pain and torment.
You can survive without breathing.


Message History

The orc priest hits you but does no damage.
Evoke which item? (* to show all) (? for menu, Esc to quit)
Aiming: Polymorph
Press: ? - help, Shift-Dir - straight line, f - orc priest
Aim: an orc priest, wielding a mace (chance to defeat MR: 46%)
The orc priest evaporates and reforms as a human!
Why would you want to do that?
Okay, then.
You can't drink.
Really read
a - 4 scrolls of teleportation {!r}?
As you read the scroll of teleportation {!r}, it crumbles to dust.
You feel strangely unstable.
The human picks up a mace.
The human wields a mace.
Casting: Vampiric Draining (safe; 14% risk of failure)
Confirm with . or Enter, or press ? or * to list all spells.
Aiming: Vampiric Draining (safe; 14% risk of failure)
Press: ? - help, Shift-Dir - straight line, f/p - human
Aim: a human, wielding a mace You miscast Vampiric Draining.
Pain shoots through your body. The human hits you with a mace.
* * * LOW HITPOINT WARNING * * *
Firing (i - inventory. (/) - cycle)
b - 25 sling bullets (quivered)
Press: ? - help, Shift-Dir - straight line, f/p - human
Aim: a human, wielding a mace You shoot a sling bullet.
The sling bullet hits the human.
The sling bullet freezes the human.
The human is lightly wounded.
The human hits you with a mace!
* * * LOW HITPOINT WARNING * * *
Unknown command.
Firing (i - inventory. (/) - cycle)
b - 24 sling bullets (quivered)
Press: ? - help, Shift-Dir - straight line, f/p - human
Aim: a human, wielding a mace (lightly wounded)
You shoot a sling bullet.
The sling bullet closely misses the human.
The sling bullet hits the bullfrog zombie.
The bullfrog zombie is lightly damaged.
The human closely misses you.
Unknown command.
Firing (i - inventory. (/) - cycle)
b - 23 sling bullets (quivered)
Press: ? - help, Shift-Dir - straight line, f/p - human
Aim: a human, wielding a mace (lightly wounded)
You shoot a sling bullet. The sling bullet misses the human.
The sling bullet barely misses the bullfrog zombie.
Your surroundings seem slightly different.
Splash!
You fall into the shallow water.
Moving in this stuff is going to be slow.
Unknown command.
An orc opens the door.
Found a scroll of enchant weapon.
Found a ration.
Okay, then.
A killer bee comes into view.
Okay, then.
Really read
i - 4 scrolls of blinking {!r}?
Blink to where?
Press: ? - help, Dir - move target cursor, p - human
As you read the scroll of blinking {!r}, it crumbles to dust.
A killer bee comes into view. x2
The killer bee buzzes angrily. x4
The killer bee stings you.
You die...
Kikubaaqudgha rasps: "You have failed me!
Welcome... oblivion!"

.........# #.##≈≈.≈≈...
..?......# ##$≈≈≈≈≈≈≈.##
.........###≈≈≈≈≈≈≈≈≈≈≈##
#........#≈≈≈#≈≈..≈#≈≈≈#.
#......##Z≈≈≈≈#.).≈≈≈≈≈..
#......##≈#≈≈≈≈≈.<≈≈≈#≈≈#
#....(Z#≈≈#≈≈≈≈≈.≈≈≈≈≈≈≈≈
#.......p≈≈≈≈≈#yy.≈≈≈≈≈≈≈
#......p.≈≈≈≈≈[@<†≈≈≈≈≈≈.
######.#≈≈≈≈≈)≈)..≈≈≈(≈≈≈
##'#≈≈≈≈≈≈≈≈y#≈≈≈≈≈≈≈
#...#≈≈≈≈≈≈#♣≈≈≈#≈≈≈#
#...#.≈≈≈≈≈..≈[≈≈≈≈.#
#...)#≈≈#≈≈.$.y#≈≈##.
#..(###(≈≈≈≈≈#≈≈≈≈#
#..(####.≈≈≈≈≈≈#.##
#(...# .##≈≈.≈≈##.


You could see a human, 4 killer bees and a bullfrog zombie.

Vanquished Creatures
  2 wraiths (Ossuary)
  A water moccasin (D:6)
  An orc warrior (D:7)
  An ogre (D:6)
  A centaur (D:6)
  2 bullfrogs
  3 elf skeletons (D:6)
  A wyvern zombie (D:6)
  3 scorpions
  2 wights (Ossuary)
  3 electric eels (D:7)
  A centaur zombie (D:6)
  2 crimson imps (D:5)
  A bullfrog zombie (D:3)
  A human zombie (D:6)
  An orc wizard (D:7)
  A bullfrog skeleton (D:5)
  2 orc priests
  2 human skeletons (D:6)
  An iguana (D:6)
  2 worker ants
  A killer bee zombie (D:5)
  A hound skeleton (D:5)
  A worker ant zombie (D:5)
  5 adders
  2 shadow imps
  An ooze (D:1)
  An adder zombie (Ossuary)
  2 adder skeletons
  2 worms (D:3)
  9 dart slugs
  5 leopard geckos
  9 orcs
  8 bats
  5 giant cockroaches
  6 goblins
  8 hobgoblins
  12 jackals
  8 quokkas
  2 ball pythons (D:6)
  A ball python skeleton (Ossuary)
  8 frilled lizards
  A hobgoblin skeleton (Ossuary)
  2 hobgoblin zombies (Ossuary)
  A jackal zombie (D:5)
  9 kobolds
  A kobold zombie (Ossuary)
  2 orc skeletons (Ossuary)
  2 orc zombies (Ossuary)
  6 rats
155 creatures vanquished.

Vanquished Creatures (others)
  A dart slug (D:7)
1 creature vanquished.

Grand Total: 156 creatures vanquished

Notes
Turn   | Place    | Note
-------+----------+-------------------------------------------
     0 | D:1      | Amnesiac the Mummy Necromancer began the quest for the Orb.
     0 | D:1      | Reached XP level 1. HP: 13/13 MP: 4/4
   202 | D:1      | Reached XP level 2. HP: 20/20 MP: 1/5
   204 | D:1      | Reached skill level 2 in Dodging
   506 | D:1      | Reached skill level 1 in Fighting
   725 | D:1      | Reached XP level 3. HP: 26/26 MP: 3/7
   730 | D:1      | Learned a level 3 spell: Vampiric Draining
  1300 | D:2      | Found a sacrificial altar of Ru.
  1394 | D:3      | Reached XP level 4. HP: 32/32 MP: 9/9
  1418 | D:4      | Reached skill level 3 in Dodging
  1701 | D:4      | Reached XP level 5. HP: 17/38 MP: 3/11
  2000 | D:5      | Entered Level 5 of the Dungeon
  2166 | D:5      | Found a snail-covered altar of Cheibriados.
  2274 | D:5      | Reached XP level 6. HP: 33/46 MP: 12/12
  2276 | D:5      | Reached skill level 4 in Dodging
  2769 | D:5      | Found a shimmering altar of Xom.
  3076 | D:6      | Reached XP level 7. HP: 30/52 MP: 13/13
  3292 | D:6      | Found a hide-covered altar of Uskayaw.
  3298 | D:6      | Reached skill level 5 in Dodging
  3298 | D:6      | Reached skill level 5 in Necromancy
  3479 | D:6      | Reached XP level 8. HP: 16/61 MP: 14/14
  3572 | D:6      | Reached skill level 6 in Dodging
  3587 | D:6      | Found a sand-covered staircase.
  3646 | Ossuary  | Entered an ossuary
  3995 | Ossuary  | Noticed a flying skull
  4002 | Ossuary  | Noticed a flying skull
  4004 | Ossuary  | Noticed a flying skull
  4020 | Ossuary  | Noticed a flying skull
  4039 | Ossuary  | Reached skill level 5 in Fighting
  4378 | Ossuary  | Noticed a flying skull
  4436 | Ossuary  | Reached skill level 7 in Dodging
  4677 | D:6      | Found a staircase to the Ecumenical Temple.
  4713 | Temple   | Entered the Ecumenical Temple
  4820 | Temple   | Became a worshipper of Kikubaaqudgha
  4874 | D:6      | Reached skill level 1 in Shields
  5407 | D:3      | Found a white marble altar of Elyvilon.
  5712 | D:2      | Reached * piety under Kikubaaqudgha
  5712 | D:2      | Identified Kikubaaqudgha's Guide on Black Secrets (Kikubaaqudgha gifted it to you on level 2 of the Dungeon)
  5712 | D:2      | Received a gift from Kikubaaqudgha
  6008 | D:3      | Found a basalt altar of Yredelemnul.
  6438 | D:7      | Noticed Dowan
  6440 | D:7      | Noticed Duvessa
  7090 | D:7      | Reached XP level 9. HP: 13/68 MP: 5/15
  7096 | D:7      | HP: 2/68 [human/mace (7)]
  7107 | D:7      | Slain by a killer bee

Vault maps used:
D:1:      minmay_arrival_four_circles
D:2:      first_ration, lemuel_tele_altar
D:3:      overflow_temple_1_default, lemuel_coloured_pillars_altar
D:5:      nicolae_overflow_crystal_walls, lemuel_round_altar,
          kennysheep_generic_room_7
D:6:      temple_green, basic_altar, nicolae_ossuary_entry_catacombs
D:7:      kennysheep_slugbush, kennysheep_mini, grunt_gozag_statues,
          uniq_joseph, uniq_duvessa
Temple:   jpeg_temple_island
Ossuary:  ossuary_due_cavern

Skill      XL: |  1  2  3  4  5  6  7  8 |
---------------+-------------------------+-----
Dodging        | 2 3 4 5 7 |  7.1
Spellcasting   | 3 4 |  4.0
Fighting       | 1 2 3 4 5 |  5.6
Necromancy     | 5 |  5.0
Shields        | 3 |  3.6
Stealth        | |  1.5

Action                   |  1- 3 |  4- 6 |  7- 9 || total
-------------------------+-------+-------+-------++-------
Melee: Unarmed           |    31 |       |       ||    31
 Fire: Hunting sling     |    26 |   160 |   381 ||   567
 Cast: Pain              |    55 |       |    12 ||    67
       Vampiric Draining |       |     8 |    18 ||    26
Evoke: Wand              |       |       |    22 ||    22
  Use: Scroll            |     3 |     4 |     6 ||    13
Armor: Robe              |    10 |       |       ||    10
       Ring mail         |    14 |    38 |   116 ||   168
Dodge: Dodged            |    55 |    76 |   157 ||   288

Table legend:
 A = Spawn XP
 B = Non-spawn XP
 C = Spawn XP percentage of total XP
 D = Spawn monster count
 E = Non-spawn monster count
 F = Spawn count percentage of total count
 G = Total turns spent on level
                    A         B        C        D         E        F      G
               +---------+---------+-------+---------+---------+-------+---------
         Total |       0 |    2889 |   0.0 |       0 |     155 |   0.0 |  7107
               +---------+---------+-------+---------+---------+-------+---------
           D:1 |       0 |      50 |   0.0 |       0 |      28 |   0.0 |  1079
           D:2 |       0 |      51 |   0.0 |       0 |      20 |   0.0 |   788
           D:3 |       0 |     132 |   0.0 |       0 |      26 |   0.0 |   766
           D:4 |       0 |     160 |   0.0 |       0 |      10 |   0.0 |   608
           D:5 |       0 |     411 |   0.0 |       0 |      14 |   0.0 |  1124
           D:6 |       0 |    1134 |   0.0 |       0 |      29 |   0.0 |  1530
           D:7 |       0 |     409 |   0.0 |       0 |      14 |   0.0 |   190
       Ossuary |       0 |     542 |   0.0 |       0 |      14 |   0.0 |   876
               +---------+---------+-------+---------+---------+-------+---------
